 Dungeon Crawl Stone Soup version 0.29.1-2-gbd0b4ee654 (webtiles) character file.

Game seed: 1560448440125088276

711 Icepheonix32 the Reanimator (level 7, -1/33 (36) HPs)
             Began as a Deep Elf Necromancer on Oct 31, 2022.
             Slain by a necrophage (2 damage)
             ... on level 5 of the Dungeon.
             The game lasted 00:08:23 (5059 turns).

Icepheonix32 the Reanimator (Deep Elf Necromancer)  Turns: 5059, Time: 00:08:23

HP:   -1/33 (36)    AC:  2    Str:  6 (7)  XL:     7   Next: 40%
MP:   12/13         EV: 12    Int: 18 (20) God:
Gold: 207           SH:  0    Dex: 14 (15) Spells: 11/12 levels left

rFire   . . .      SeeInvis .   k - +2 war axe (pain)
rCold   . . .      Faith    .   (no shield)
rNeg    . . .      Spirit   .   a - +0 robe
rPois   .          Reflect  .   (no helmet)
rElec   .          Harm     .   (no cloak)
rCorr   .          Rampage  .   (no gloves)
Will    .....                   (no boots)
Stlth   ++........              (no amulet)
HPRegen 0.11/turn               (no ring)
MPRegen 0.13/turn               (no ring)

@: drained
A: no striking features
a: no special abilities


You were on level 5 of the Dungeon.
You visited 2 branches of the dungeon, and saw 6 of its levels.

You collected 207 gold pieces.

Inventory:

Hand Weapons
 f - a +0 dagger
 h - a +2 dagger of speed
 k - a +2 war axe of pain (weapon)
Armour
 a - a +0 robe (worn)
Jewellery
 p - a ring of ice
Wands
 s - a wand of charming (5)
Scrolls
 g - a scroll of vulnerability
 i - a scroll of silence
 j - 2 scrolls of noise
 m - a scroll of blinking
 q - a scroll of identify
Potions
 b - a potion of magic
 c - a potion of attraction
 d - 2 potions of cancellation
 e - a potion of lignification
 l - a potion of flight {unknown}
 n - a potion of heal wounds
 o - a potion of resistance
 r - a potion of ambrosia
 u - a potion of berserk rage


   Skills:
 + Level 1.9 Axes
 - Level 2.4 Dodging
 - Level 2.4 Stealth
 - Level 3.0 Spellcasting
 + Level 10.4 Necromancy


You had 11 spell levels left.
You knew the following spells:

 Your Spells              Type           Power      Damage    Failure   Level
a - Necrotise             Necr           100%       1d9       1%          1

Your spell library contained the following spells:

 Spells                   Type           Power      Damage    Failure   Level
 Vampiric Draining        Necr           40%        2d8       1%          3
 Animate Dead             Necr           40%        N/A       2%          4
 Agony                    Necr           40%        N/A       6%          5
 Beastly Appendage        Tmut           4%         N/A       16%         1
 Summon Small Mammal      Summ           8%         N/A       16%         1
 Call Canine Familiar     Summ           2%         N/A       43%         3
 Gell's Gravitas          Tloc           2%         N/A       43%         3
 Lesser Beckoning         Tloc           2%         N/A       43%         3
 Stone Arrow              Conj/Erth      4%         3d7       43%         3
 Summon Guardian Golem    Hex/Summ       2%         N/A       43%         3
 Teleport Other           Tloc           2%         N/A       43%         3
 Animate Armour           Summ/Erth      4%         N/A       85%         4
 Lehudib's Crystal Spear  Conj/Erth      1%         10d2      100%        8


Dungeon Overview and Level Annotations

Branches:
Dungeon (5/15)             Temple (1/1) D:4

Altars:
Ashenzari
Cheibriados
Dithmenos
Fedhas
Nemelex Xobeh
Okawaru
Ru
Sif Muna
Trog
Wu Jian
Yredelemnul
The Shining One


Message History

Unknown command.
No target in view!
Unknown command.
Unknown command.
No target in view!
Unknown command.
No target in view!
Found a book of Callings.
q - a scroll of identify Unknown command.
Found a stone staircase leading up.
Your ogre skeleton crumbles into dust!
You pick up a book of Callings and begin reading...
You add the spells Summon Small Mammal, Call Canine Familiar and Summon Guardian Golem to your library.
You hear the slow rusting of a very distant drain.
A necrophage comes into view.
The necrophage hits you!
You feel drained.
You hit the necrophage but do no damage.
The necrophage hits you.
You feel drained. The necrophage hits you.
You closely miss the necrophage. The necrophage hits you.
* * * LOW HITPOINT WARNING * * *
You feel drained.
* * * LOW HITPOINT WARNING * * *
You slash the necrophage!
The necrophage is moderately damaged.
The necrophage hits you.
* * * LOW HITPOINT WARNING * * *
You hit the necrophage but do no damage.
The necrophage is moderately damaged.
The necrophage hits you.
* * * LOW HITPOINT WARNING * * *
The necrophage hits you.
* * * LOW HITPOINT WARNING * * *
You hit the necrophage but do no damage.
The necrophage is moderately damaged.
The necrophage barely misses you.
You hit the necrophage but do no damage.
The necrophage is moderately damaged.
The necrophage barely misses you. The necrophage hits you.
You die...

.>........(#
...........###
.............
...........# #####
..........# ...
..........### #.#
...)........# #.##
............#####.<##
...............n@...###
...........#..........#
...................##+#
...........#.......#
........††.........#
...........##...####
#.............#....#
..#................#
..#........#####.###


You could see a necrophage.

Vanquished Creatures
  A water moccasin (D:4)
  An ogre (D:5)
  A phantom (D:4)
  2 hounds (D:4)
  An iguana (D:4)
  Ijyb (D:3)
  An orc wizard (D:4)
  Robin (D:4)
  3 gnolls (D:2)
  6 adders
  3 worms
  2 dart slugs (D:1)
  3 orcs (D:4)
  3 bats
  10 endoplasms
  9 giant cockroaches
  19 goblins
  6 hobgoblins
  7 jackals
  4 quokkas
  4 ball pythons
  2 frilled lizards (D:1)
  9 kobolds
  6 rats
105 creatures vanquished.

Vanquished Creatures (collateral kills)
  2 howler monkeys
  A white imp (D:5)
  A goblin (D:3)
4 creatures vanquished.

Grand Total: 109 creatures vanquished

Notes
Turn   | Place    | Note
-------+----------+-------------------------------------------
     0 | D:1      | Icepheonix32 the Deep Elf Necromancer began the quest for
                  | the Orb.
     0 | D:1      | Reached XP level 1. HP: 10/10 MP: 6/6
    14 | D:1      | Found a faded altar of an unknown god.
    22 | D:1      | Got Plato's Compendium of Permutations
    44 | D:1      | Reached skill level 5 in Necromancy
   350 | D:1      | Reached XP level 2. HP: 15/15 MP: 5/8
   881 | D:1      | Reached skill level 6 in Necromancy
  1347 | D:2      | Reached XP level 3. HP: 19/19 MP: 6/9
  1656 | D:2      | Reached XP level 4. HP: 14/24 MP: 4/10
  1899 | D:2      | Reached skill level 7 in Necromancy
  2736 | D:3      | Found an ornate altar of the Wu Jian Council.
  2751 | D:3      | Found a bloodstained altar of Trog.
  3033 | D:3      | Noticed Ijyb
  3042 | D:3      | Reached XP level 5. HP: 28/28 MP: 3/11
  3056 | D:3      | Killed Ijyb
  3304 | D:4      | Reached skill level 8 in Necromancy
  3715 | D:4      | Reached skill level 1 in Axes
  3879 | D:4      | Reached XP level 6. HP: 27/32 MP: 6/12
  4072 | D:4      | Noticed a water moccasin
  4083 | D:4      | Killed a water moccasin
  4084 | D:4      | Reached skill level 9 in Necromancy
  4364 | D:4      | Noticed Robin
  4367 | D:4      | Killed Robin
  4576 | D:4      | Found a staircase to the Ecumenical Temple.
  4650 | D:4      | Reached XP level 7. HP: 36/36 MP: 13/13
  4850 | Temple   | Entered the Ecumenical Temple
  4983 | D:5      | Entered Level 5 of the Dungeon
  5000 | D:5      | Reached skill level 10 in Necromancy
  5057 | D:5      | HP: 1/33 [necrophage (4)]
  5059 | D:5      | Slain by a necrophage

Illustrated notes

Levels and vault maps discovered:
D:1:      pf_arrival_petrified_forest, layout_basic,
          shapermc_ecumenical_altar_rom_forum, serial_forest,
          infiniplex_forest_clump_double, infiniplex_forest_straight_2,
          infiniplex_forest_lined_room_, infiniplex_forest_lined_1,
          infiniplex_forest_clump_diagonal, minmay_misc_feat_iff,
          nicolae_hexahallways, minmay_crystal_room
D:2:      layout_basic
D:3:      layout_rooms, overflow_temple_1_default, lightli_temple_of_fire,
          hex_large, uniq_ijyb
D:4:      layout_loops_ring, temple_hall, uniq_robin
D:5:      layout_rooms, grunt_qazlal_clouds,
          lemuel_mausoleum_altar_kikubaaqudgha, gup_sewer_entry_glass,
          dk_noncrumbling_2, kennysheep_doodads, kennysheep_generic_room_2
Temple:   cyrus_temple_forest

Skill      XL: |  1  2  3  4  5  6  7 |
---------------+----------------------+-----
Necromancy     | 5 6 7 8 9 10 | 10.4
Axes           | 1 |  1.9
Dodging        | |  2.4
Stealth        | |  2.4
Spellcasting   | |  3.0

Action                   |  1- 3 |  4- 6 |  7- 9 || total
-------------------------+-------+-------+-------++-------
Melee: War axe           |     1 |    79 |    15 ||    95
       Punch             |       |       |     1 ||     1
 Cast: Necrotise         |    56 |   104 |     8 ||   168
  Use: Scroll            |       |    10 |     2 ||    12
       Potion            |       |     3 |     2 ||     5
 Stab: Distracted        |       |     1 |       ||     1
Armor: Robe              |     5 |    11 |     1 ||    17
       Skin              |       |    21 |       ||    21
Dodge: Dodged            |     5 |    64 |     7 ||    76
